 Dungeon Crawl Stone Soup version 0.29-a0-529-gfa20dd96a1 (webtiles) character file.

Game seed: 10716868207152687845

10672 flyleaff the Grappler (level 11, -12/107 HPs)
             Began as a Troll Monk on May 28, 2022.
             Was a Priest of the Shining One.
             Mangled by a skeletal warrior
             ... wielding a +0 glaive
              (20 damage)
             ... on level 11 of the Dungeon on June 1, 2022.
             The game lasted 00:32:57 (10537 turns).

flyleaff the Grappler (Troll Monk)                 Turns: 10537, Time: 00:32:58

Health: -12/107    AC: 11    Str: 23    XL:     11   Next: 39%
Magic:  10/10      EV: 12    Int:  6    God:    the Shining One [***...]
Gold:   585        SH:  0    Dex: 14    Spells: 10/10 levels left

rFire   . . .      SeeInvis .   z - +0 dire flail
rCold   . . .      Faith    .   (shield currently unavailable)
rNeg    + . .      Spirit   .   g - +0 steam dragon scales
rPois   .          Reflect  .   (helmet restricted)
rElec   .          Harm     .   (no cloak)
rCorr   .          Rampage  .   (gloves unavailable)
Will    .....                   (boots unavailable)
Stlth   ++........              (no amulet)
HPRegen 1.07/turn               D - ring of flight
MPRegen 0.12/turn               w - +4 ring of protection

@: mighty, flying, glowing
A: large, unfitting armour, claws 3, regeneration 1, shaggy fur 1, tough skin 1,
camouflage 2, passive freeze, devolution 1
a: Renounce Religion, Divine Shield, Cleansing Flame


You were on level 11 of the Dungeon.
You worshipped the Shining One.
The Shining One was most pleased with you.
You visited 2 branches of the dungeon, and saw 12 of its levels.
You also visited: Ossuary.

You collected 779 gold pieces.
You spent 194 gold pieces at shops.

Inventory:

Hand Weapons
 z - a +0 dire flail (weapon)
 A - a +0 giant spiked club
Missiles
 r - 14 boomerangs of dispersal
 s - 38 poisoned darts (quivered)
 x - 2 curare-tipped darts
 y - 10 boomerangs
 C - 4 javelins
Armour
 g - +0 steam dragon scales (worn)
 u - the +0 robe of Incorporation {Harm Dex+5 Slay-6 Archmagi}
   (You found it on level 8 of the Dungeon)

   Dex:       It affects your dexterity (+5).
   Slay:      It affects your accuracy & damage with ranged weapons and melee
   (-6).
   Harm:      It increases damage dealt and taken.
   Archmagi:  It increases the power of your magical spells.
 v - a +2 robe of fire resistance
Jewellery
 c - a ring of fire
 w - a +4 ring of protection (right claw)
 D - a ring of flight (left claw)
Wands
 a - a wand of iceblast (1)
 o - a wand of digging (1)
Scrolls
 d - 4 scrolls of enchant armour
 j - 11 scrolls of teleportation
 l - a scroll of brand weapon
 m - 2 scrolls of poison
 n - 3 scrolls of magic mapping
 q - 2 scrolls of identify
 B - a scroll of silence
Potions
 b - 5 potions of ambrosia
 e - 2 potions of might
 f - 2 potions of brilliance
 i - a potion of magic
 k - 2 potions of curing
 t - a potion of attraction
 E - a potion of invisibility


   Skills:
 + Level 6.9 Fighting
 + Level 7.1 Maces & Flails
 - Level 7.1 Throwing
 + Level 3.1 Armour
 - Level 6.0 Dodging
 - Level 1.0 Stealth
 - Level 9.9 Unarmed Combat


You had 10 spell levels left.
You didn't know any spells.
Your spell library contained the following spells:

 Spells                   Type           Power      Damage    Failure   Level
 Blink                    Tloc           0%         N/A       58%         2
 Ensorcelled Hibernation  Hex/Ice        0%         N/A       58%         2
 Sublimation of Blood     Necr           0%         N/A       58%         2
 Wereblood                Tmut           0%         N/A       58%         2
 Frozen Ramparts          Ice            0%         1d2       83%         3
 Lesser Beckoning         Tloc           0%         N/A       83%         3
 Spider Form              Tmut/Pois      0%         N/A       83%         3
 Anguish                  Hex/Necr       0%         N/A       99%         4
 Fulminant Prism          Conj/Hex       0%         3d6       99%         4
 Ice Form                 Ice/Tmut       0%         N/A       99%         4
 Iskenderun's Mystic Bla  Conj/Tloc      0%         2d3       99%         4
 Summon Ice Beast         Ice/Summ       0%         N/A       99%         4
 Lee's Rapid Deconstruct  Erth           0%         3d5*      100%        5
 Manifold Assault         Tloc           0%         N/A       100%        5
 Summon Hydra             Summ           0%         N/A       100%        7


Dungeon Overview and Level Annotations

Branches:
Dungeon (11/15)            Temple (1/1) D:6            Lair (0/6) D:11
    Orc (0/2) D:10        Ossuary (visited)

Altars:
Ashenzari
Cheibriados
Dithmenos
Elyvilon
Fedhas
Gozag
Hepliaklqana
Kikubaaqudgha
Makhleb
Nemelex Xobeh
Okawaru
Qazlal
Ru
Sif Muna
Trog
Uskayaw
Vehumet
Wu Jian
Xom
Yredelemnul
Zin
The Shining One
Beogh

Shops:
D:4 =   D:7 *   D:8 [

Annotations:
D:8 Flight area


Innate Abilities, Weirdness & Mutations

You are too large for most types of armour.
You have claws for hands.
Your natural rate of healing is unusually fast.
You are covered in fur. (AC +1)
You have tough skin. (AC +1)
Your skin blends seamlessly with your surroundings (Stealth++).
A frigid envelope surrounds you and freezes all who hurt you.
You have hidden genetic defects.


Message History

You hit the skeletal warrior.
The skeletal warrior is lightly damaged.
The skeletal warrior hits you with a +0 glaive!
The skeletal warrior resists.
The skeletal warrior is very cold.
The skeletal warrior is lightly damaged.
You hit the skeletal warrior but do no damage.
The skeletal warrior is lightly damaged.
The skeletal warrior hits you with a +0 glaive!!
The skeletal warrior resists.
The skeletal warrior is very cold.
The skeletal warrior is lightly damaged.
You hit the skeletal warrior.
The skeletal warrior is lightly damaged.
The skeletal warrior hits you with a +0 glaive!!
The skeletal warrior resists.
The skeletal warrior is very cold.
The skeletal warrior is moderately damaged.
You sock the skeletal warrior!
The skeletal warrior is heavily damaged.
You hit the skeletal warrior but do no damage.
The skeletal warrior is heavily damaged.
The skeletal warrior hits you with a +0 glaive.
The skeletal warrior resists.
The skeletal warrior is very cold.
The skeletal warrior is heavily damaged.
You barely miss the skeletal warrior.
The skeletal warrior is heavily damaged.
The skeletal warrior hits you with a +0 glaive!
* * * LOW HITPOINT WARNING * * *
The skeletal warrior resists.
The skeletal warrior is very cold.
The skeletal warrior is heavily damaged.
You puncture the skeletal warrior!
The skeletal warrior is severely damaged.
The skeletal warrior closely misses you.
You hit the skeletal warrior but do no damage.
The skeletal warrior is severely damaged.
The skeletal warrior hits you with a +0 glaive!!
* * * LOW HITPOINT WARNING * * *
The skeletal warrior resists.
The skeletal warrior is very cold.
The skeletal warrior is almost destroyed.
You feel very mighty all of a sudden.
The skeletal warrior hits you with a +0 glaive!!
You die...

######### ........##############
........#......#.....#
........#......#.....#
........#..######....#
........#..##.###....# ....#
........#............# ....+
........'.<..........#.....#
......>.#.......@รท...#.....#
........#+###'###z####.....
####'#......#..#...........
#....#......#..#..<...####
#....#......#..#..(...#
#....#......#..#......#
######........P...P...###########
................P................
.........P....P.P.P..g...........


You could see a skeletal warrior.

Vanquished Creatures
  A boulder beetle (D:8)
  3 two-headed ogres
  The ghost of YayAnonymity the Cudgeller, a novice DsGl (D:5)
  A yaktaur (D:11)
  2 kobold demonologists (D:9)
  Prince Ribbit (D:8)
  The ghost of Eringya the Conjurer, an amateur OpCj (D:4)
  Sigmund (D:3)
  2 wyverns
  A wraith (D:9)
  5 yaks
  4 steam dragons
  Menkaure (D:6)
  3 water moccasins
  5 orc warriors
  2 ice beasts
  3 black bears (D:11)
  A sky beast (D:7)
  An ogre (D:5)
  2 phantoms
  5 kobold brigands
  5 bullfrogs
  A gnoll sergeant (D:10)
  3 necrophages
  6 scorpions
  8 wights
  4 killer bees
  A howler monkey (D:5)
  3 electric eels (D:8)
  A bullfrog zombie (D:4)
  4 hounds
  7 orc priests
  2 gnoll shamans (D:5)
  A bullfrog skeleton (D:4)
  An iguana (D:6)
  9 orc wizards
  2 human simulacra (D:10)
  13 mummies (Ossuary)
  Robin (D:3)
  11 gnolls
  6 adders
  A shadow imp (D:8)
  2 ufetubi
  2 worms (D:4)
  2 dart slugs
  73 orcs
  13 bats
  6 endoplasms
  4 giant cockroaches
  21 goblins
  11 hobgoblins
  39 kobolds
  3 quokkas
  4 ball pythons
  2 frilled lizards
  4 gnoll skeletons (Ossuary)
  A goblin skeleton (Ossuary)
  3 kobold skeletons (Ossuary)
  8 rats
  11 rat skeletons (Ossuary)
  2 rat zombies (D:6)
347 creatures vanquished.

Vanquished Creatures (others)
  23 fungi (D:11)
  17 plants (D:11)
40 creatures vanquished.

Grand Total: 387 creatures vanquished

Notes
Turn   | Place    | Note
-------+----------+-------------------------------------------
     0 | D:1      | flyleaff the Troll Monk began the quest for the Orb.
     0 | D:1      | Reached XP level 1. HP: 22/22 MP: 0/0
   133 | D:1      | Reached XP level 2. HP: 7/29 MP: 1/1
   209 | D:1      | Found a faded altar of an unknown god.
   744 | D:1      | Reached XP level 3. HP: 36/36 MP: 2/2
  1184 | D:2      | Reached skill level 4 in Unarmed Combat
  1494 | D:2      | Identified the +7 chain mail "Jeittuxe" {Contam Rampage Fly
                  | rCorr}
  1531 | D:2      | Reached XP level 4. HP: 32/45 MP: 3/3
  2027 | D:3      | Noticed Robin
  2043 | D:3      | Noticed Sigmund
  2070 | D:3      | Killed Robin
  2116 | D:3      | Gained mutation: Your spells are a little easier to cast,
                  | but a little less powerful. [potion of mutation]
  2116 | D:3      | Gained mutation: You have sharp toenails. [potion of
                  | mutation]
  2116 | D:3      | Gained mutation: You have a pair of small antennae on your
                  | head. [potion of mutation]
  2118 | D:3      | Lost mutation: You have sharp toenails. [potion of
                  | mutation]
  2118 | D:3      | Lost mutation: Your spells are a little easier to cast, but
                  | a little less powerful. [potion of mutation]
  2118 | D:3      | Gained mutation: Your muscles are strong. (Str +2) [potion
                  | of mutation]
  2118 | D:3      | Gained mutation: You sometimes lose the ability to read
                  | scrolls when taking damage. [potion of mutation]
  2163 | D:3      | Killed Sigmund
  2164 | D:3      | Reached skill level 5 in Unarmed Combat
  2164 | D:3      | Reached XP level 5. HP: 42/53 MP: 4/4
  2164 | D:3      | Reached XP level 6. HP: 48/61 MP: 5/5
  2479 | D:4      | Found a runed translucent gate.
  2480 | D:4      | Found a runed translucent gate.
  2480 | D:4      | Found a runed translucent gate.
  2486 | D:4      | Noticed Eringya's ghost (amateur OpCj)
  2722 | D:4      | Found Wol Cowu's Jewellery Shoppe.
  2892 | D:4      | Found a bloodstained altar of Trog.
  3203 | D:4      | Reached skill level 6 in Unarmed Combat
  3212 | D:4      | Killed Eringya's ghost
  3213 | D:4      | Reached XP level 7. HP: 29/70 MP: 6/6
  3305 | D:5      | Entered Level 5 of the Dungeon
  3351 | D:5      | Found a transporter.
  3351 | D:5      | Noticed YayAnonymity's ghost (novice DsGl)
  3352 | D:5      | Found a transporter.
  3352 | D:5      | Noticed a yak
  3376 | D:5      | Reached skill level 7 in Unarmed Combat
  3457 | D:5      | Reached XP level 8. HP: 36/79 MP: 7/7
  4168 | D:5      | Reached skill level 5 in Fighting
  4168 | D:5      | Reached skill level 5 in Dodging
  4168 | D:5      | Reached skill level 8 in Unarmed Combat
  4173 | D:5      | Killed YayAnonymity's ghost
  4425 | D:6      | Reached XP level 9. HP: 27/88 MP: 8/8
  4429 | D:6      | Reached skill level 9 in Unarmed Combat
  4600 | D:6      | Found a sand-covered staircase.
  4616 | Ossuary  | Entered an ossuary
  4868 | Ossuary  | Upgraded the game from 0.29-a0-495-g17b79114eb to
                  | 0.29-a0-529-gfa20dd96a1
  5098 | D:6      | Lost mutation: You have a pair of small antennae on your
                  | head. [potion of mutation]
  5098 | D:6      | Lost mutation: You sometimes lose the ability to read
                  | scrolls when taking damage. [potion of mutation]
  5098 | D:6      | Gained mutation: You have sharp toenails. [potion of
                  | mutation]
  5098 | D:6      | Gained mutation: You have razor-sharp toenails. [potion of
                  | mutation]
  5259 | D:6      | Found a staircase to the Ecumenical Temple.
  5273 | Temple   | Entered the Ecumenical Temple
  5341 | Temple   | Became a worshipper of the Shining One
  5341 | Temple   | Reached * piety under the Shining One
  5341 | Temple   | Reached ** piety under the Shining One
  5559 | D:6      | Noticed Menkaure
  5565 | D:6      | Killed Menkaure
  5566 | D:6      | Reached skill level 1 in Maces & Flails
  5566 | D:6      | Reached skill level 1 in Throwing
  5831 | D:7      | Found an ornate altar of the Wu Jian Council.
  5942 | D:7      | Found Quvor's Overcharged Wands.
  5944 | D:7      | Found a glowing silver altar of Zin.
  6011 | D:7      | Found a shimmering blue altar of Sif Muna.
  6015 | D:7      | Found a broken altar of Ashenzari.
  6328 | D:7      | Found an ancient bone altar of Kikubaaqudgha.
  6372 | D:8      | Noticed a two-headed ogre
  6378 | D:8      | Killed a two-headed ogre
  6379 | D:8      | Reached XP level 10. HP: 31/98 MP: 9/9
  6460 | D:8      | Identified the +0 robe of Incorporation {Harm Dex+5 Slay-6
                  | Archmagi}
  6494 | D:8      | Found Afoudek's Armour Emporium.
  6501 | D:8      | Bought a +2 robe of fire resistance for 194 gold pieces
  6522 | D:8      | Noticed Prince Ribbit
  6534 | D:8      | Killed Prince Ribbit
  6668 | D:8      | Found a shadowy altar of Dithmenos.
  6670 | D:8      | Found a white marble altar of Elyvilon.
  6730 | D:8      | Noticed a boulder beetle
  6753 | D:8      | Killed a boulder beetle
  6754 | D:8      | Reached skill level 5 in Maces & Flails
  6754 | D:8      | Reached skill level 5 in Throwing
  7527 | D:9      | Reached *** piety under the Shining One
  7815 | D:9      | Lost mutation: You have razor-sharp toenails. [potion of
                  | mutation]
  7815 | D:9      | Lost mutation: You have sharp toenails. [potion of
                  | mutation]
  7815 | D:9      | Lost mutation: Your muscles are strong. (Str +2) [potion of
                  | mutation]
  7815 | D:9      | Gained mutation: You are somewhat resistant to further
                  | mutation. [potion of mutation]
  8267 | D:9      | Noticed a two-headed ogre
  8275 | D:9      | Killed a two-headed ogre
  8473 | D:10     | Entered Level 10 of the Dungeon
  8479 | D:10     | Noticed a soul eater
  8482 | D:10     | Noticed a rust devil
  8488 | D:9      | Reached XP level 11. HP: 52/105 MP: 10/10
  8889 | D:10     | Found a sparkling altar of Nemelex Xobeh.
  8967 | D:8      | Reached skill level 1 in Armour
  9180 | D:10     | Found a staircase to the Orcish Mines.
  9181 | D:10     | Noticed a two-headed ogre
  9216 | D:10     | Killed a two-headed ogre
 10238 | D:11     | Found a staircase to the Lair.
 10239 | D:11     | Lost mutation: You are somewhat resistant to further
                  | mutation. [potion of mutation]
 10239 | D:11     | Gained mutation: Your skin changes colour to match your
                  | surroundings (Stealth+). [potion of mutation]
 10239 | D:11     | Gained mutation: Your skin blends seamlessly with your
                  | surroundings (Stealth++). [potion of mutation]
 10239 | D:11     | Gained mutation: You have hidden genetic defects. [potion
                  | of mutation]
 10239 | D:11     | Gained mutation: A frigid envelope surrounds you and
                  | freezes all who hurt you. [potion of mutation]
 10395 | D:11     | Noticed a skeletal warrior
 10537 | D:11     | Mangled by a skeletal warrior

Illustrated notes

Levels and vault maps discovered:
D:1:      nzn_arrival_water_spiral, layout_basic,
          shapermc_ecumenical_altar_pompeii, chequers_jeans, dk_noncrumbling_2
D:2:      layout_loops_ring, minmay_pentomino_w4
D:3:      layout_rooms, minivault_25, nrook_mini_vaults, minmay_misc_feat_cross,
          uniq_robin, uniq_sigmund
D:4:      minmay_inner_zag, layout_basic, lightli_temple_of_fire,
          gammafunk_ghost_necromancy, serial_shops, shop,
          grunt_decor_one_mirror, serial_bayou_lagoon_b
D:5:      layout_basic, gammafunk_ghost_arena
D:6:      layout_basic, minmay_temple_entry_waves, enter_ossuary_4,
          grunt_decor_arrowhead, minmay_unpleasant_kobolds, uniq_menkaure
D:7:      layout_cave_pools, general_overflow_altar,
          gammafunk_temple_overflow_forgotten, mainiacjoe_overflow_boulevard,
          nicolae_shop_overcharged_wands
D:8:      layout_loops_ring, grunt_temple_overflow_open, special_room
          [special_room_orc], serial_shops,
          nicolae_shop_competitors_out_of_business, minivault_5,
          water_maze_lemuel, uniq_prince_ribbit1
D:9:      layout_basic, st_stairs_9, minmay_orc_keep
D:10:     layout_layer_cave, nemelex_xobeh_ov_fountains_minmay, david_orc_2,
          bh_circular_ruins
D:11:     minmay_curly_fans, layout_gridville, due_lair_maze_entry_diamond,
          serial_shops, nicolae_shop_window_shopping
Temple:   cyrus_circular_temple

Skill      XL: |  1  2  3  4  5  6  7  8  9 10 11 |
---------------+----------------------------------+-----
Unarmed Combat | 4 5 6 7 8 9 |  9.9
Fighting       | 3 4 5 6 |  6.9
Dodging        | 3 4 5 6 |  6.0
Maces & Flails | 3 6 7 |  7.1
Throwing       | 3 6 7 |  7.1
Armour         | 3 |  3.1
Stealth        | |  1.0

Action                   |  1- 3 |  4- 6 |  7- 9 | 10-12 || total
-------------------------+-------+-------+-------+-------++-------
Melee: Unarmed           |   115 |   127 |   262 |   187 ||   691
       Punch             |     1 |     4 |    20 |    15 ||    40
       Kick              |       |       |    21 |    45 ||    66
       Dire flail        |       |       |       |   157 ||   157
Throw: Dart              |       |       |       |     6 ||     6
Evoke: Wand              |       |       |       |     2 ||     2
  Use: Potion            |       |    11 |     7 |    11 ||    29
       Scroll            |       |     6 |     6 |     5 ||    17
 Stab: Sleeping          |     2 |     1 |     3 |       ||     6
Armor: Robe              |    53 |    47 |    54 |    47 ||   201
       Skin              |       |    15 |       |       ||    15
       Steam dragon scal |       |       |       |    80 ||    80
Dodge: Dodged            |    80 |    63 |   135 |   208 ||   486

Table legend: (Time is in decaauts)
 A = Elapsed time spent in this place.
 B = Non-inter-level travel time spent in this place.
 C = Inter-level travel time spent in this place.
 D = Time resting spent in this place.
 E = Time spent auto-exploring this place.
 F = Levels seen in this place.
 G = Mean time per level.
                   A        B        C        D        E       F      G
               +--------+--------+--------+--------+--------+-----+--------+
         Total |  10473 |   9800 |    673 |    146 |   7568 |  13 |  805.6 |
       Dungeon |  10022 |   9363 |    659 |    146 |   7354 |  11 |  911.1 |
        Temple |     83 |     69 |     14 |      0 |     42 |   1 |   83.0 |
       Ossuary |    368 |    368 |      0 |      0 |    172 |   1 |  368.0 |
               +--------+--------+--------+--------+--------+-----+--------+

Top non-repeatable levels by time:
    D:10: 1422 daAuts
     D:8: 1189 daAuts
     D:1: 1064 daAuts
     D:6: 1064 daAuts
     D:5: 1056 daAuts
     D:9: 1053 daAuts
     D:4: 943 daAuts
     D:2: 745 daAuts
     D:3: 584 daAuts
     D:7: 566 daAuts
 Ossuary: 368 daAuts
    D:11: 332 daAuts
  Temple: 83 daAuts
